 Dungeon Crawl Stone Soup version 0.21-a0-270-g8204059 (webtiles) character file.

2756 tidbits the Insei (level 9, -1/106 HPs)
             Began as a Demigod Transmuter on Sept 13, 2017.
             Slain by a crimson imp (3 damage)
             ... on level 7 of the Dungeon.
             The game lasted 00:35:03 (3515 turns).

tidbits the Insei (Demigod Transmuter)              Turns: 3515, Time: 00:35:04

Health: -1/106     AC:  9    Str: 18    XL:     9   Next: 18%
Magic:  12/16      EV: 14    Int: 21    God:
Gold:   375        SH:  0    Dex: 18    Spells: 2/13 levels left

rFire    . . .     SeeInvis +     - Unarmed
rCold    . . .     Gourm    .   (no shield)
rNeg     . . .     Faith    .   B - +2 leather armour {rPois}
rPois    +         Spirit   .   E - +1 hat
rElec    .         Reflect  .   C - +0 cloak
rCorr    .         Harm     .   G - +1 pair of gloves
MR       .....                  (no boots)
Stlth    ..........             P - amulet of rage
HPRegen  0.27/turn              I - ring of see invisible
MPRegen  0.15/turn              (no ring)

@: berserking (expiring), lethally poisoned (-1 -> -1), very quick
A: high mp 1
a: Evoke Berserk Rage


You were on level 7 of the Dungeon.
You were hungry.

You visited 1 branch of the dungeon, and saw 7 of its levels.

You collected 375 gold pieces.

Inventory:

Hand Weapons
 g - a +0 blowgun
 j - a +0 hunting sling
 o - the +1 trident of Icvif {venom, rC+}
   (You found it on level 5 of the Dungeon)

   It poisons the flesh of those it strikes.
   It protects you from cold.
 v - a +1 dagger of venom
   (You took it off a goblin on level 3 of the Dungeon)
 H - a +2 quarterstaff of chaos
   (You took it off Crazy Yiuf on level 5 of the Dungeon)
Missiles
 b - 48 arrows
 e - 53 stones
 h - 83 sling bullets
 n - a throwing net (quivered) {!f}
 t - 6 tomahawks
 w - 25 poisoned needles
 F - 17 bolts
 N - 3 javelins
Armour
 f - a +0 ring mail
 y - quicksilver dragon scales
 B - a +2 leather armour of poison resistance (worn)
   (You found it on level 2 of the Dungeon)
 C - a +0 cloak (worn)
 E - a +1 hat (worn)
 G - a +1 pair of gloves (worn)
Jewellery
 x - an uncursed ring of ice
   (You found it on level 4 of the Dungeon)
 I - a ring of see invisible (left hand)
   (You found it on level 1 of the Dungeon)
 L - an uncursed ring of teleportation
   (You found it on level 6 of the Dungeon)
 P - an amulet of rage (around neck)
   (You found it on level 6 of the Dungeon)
Wands
 i - a wand of lightning (3/15)
 Q - a wand of disintegration (6/24)
Scrolls
 k - a scroll of recharging {unknown}
 m - 3 scrolls of magic mapping
 q - a scroll of fog
 s - a scroll of enchant armour
 u - a scroll of blinking
Potions
 A - a potion of flight
 J - a potion of brilliance {unknown}
 K - 2 potions of cancellation
 M - a potion of magic {unknown}
Books
 d - a book of Changes

   Spells                             Type                      Level
   a - Beastly Appendage              Transmutation                1
   b - Sticks to Snakes               Transmutation                2
   c - Spider Form                    Transmutation/Poison         3
   d - Ice Form                       Ice/Transmutation            4
   e - Blade Hands                    Transmutation                5
 p - the Papyrus of Cold and Feathers
   (You found it on level 5 of the Dungeon)

   Spells                             Type                      Level
   a - Swiftness                      Charms/Air                   2
   b - Static Discharge               Conjuration/Air              3
   c - Mephitic Cloud                 Conjuration/Poison/Air       3
   d - Deflect Missiles               Charms/Air                   6
   e - Freezing Cloud                 Conjuration/Ice/Air          6
 r - a book of Frost
   (You found it on level 5 of the Dungeon)

   Spells                             Type                      Level
   a - Freeze                         Ice                          1
   b - Throw Frost                    Conjuration/Ice              2
   c - Ozocubu's Armour               Charms/Ice                   3
   d - Throw Icicle                   Conjuration/Ice              4
   e - Summon Ice Beast               Ice/Summoning                4
Comestibles
 c - 7 bread rations
 l - 4 fruits
 z - 2 meat rations
 D - 2 royal jellies
 O - 3 chunks of flesh


   Skills:
 - Level 3.6 Fighting
 - Level 3.8 Dodging
 - Level 7.8 Unarmed Combat
 + Level 2.9 Spellcasting
 + Level 2.3 Charms
 - Level 5.5 Transmutations
 + Level 2.2 Ice Magic
 + Level 2.1 Air Magic
 + Level 2.0 Evocations


You had 2 spell levels left.
You knew the following spells:

 Your Spells              Type           Power        Failure   Level  Hunger
e - Beastly Appendage     Tmut           ####..       1%          1    None
k - Sticks to Snakes      Tmut           ####....     2%          2    ##.....
o - Ozocubu's Armour      Chrm/Ice       ##......     19%         3    ###....
p - Spider Form           Tmut/Pois      ##........   16%         3    ###....
W - Swiftness             Chrm/Air       ##......     10%         2    ##.....


Dungeon Overview and Level Annotations

Branches:
Dungeon (7/15)             Temple (0/1) D:4

Annotations:
D:2 Robin
D:7 Joseph


Innate Abilities, Weirdness & Mutations

You have an increased reservoir of magic. (+10% MP)


Message History

You bite the yak!
The yak looks as sick as possible!
The yak is moderately wounded.
The yak closely misses you.
You closely miss the yak.
The yak is moderately wounded.
You bite the yak!
The yak looks as sick as possible!
The yak is heavily wounded.
You feel sick. The yak gores you!!
* * * LOW HITPOINT WARNING * * *
The crimson imp misses you.
You hit the yak.
The yak looks as sick as possible!
The yak is severely wounded.
The yak barely misses you. The crimson imp completely misses you.
You bite the yak!
You kill the yak!
You feel sick. The crimson imp closely misses you.
It was a potion of berserk rage.
A red film seems to cover your vision as you go berserk!
You feel yourself moving faster!
You feel mighty!
Your transformation is almost over.
The iguana barely misses you.
Joseph drinks a potion.
Joseph goes berserk!
The crimson imp completely misses you.
You hit the iguana.
The iguana is poisoned.
The iguana is moderately wounded.
The iguana completely misses you.
You hear a shout!
You hit the crimson imp.
The crimson imp is lightly wounded.
The crimson imp laughs crazily.
The crimson imp hits you.
* * * LOW HITPOINT WARNING * * *
Unknown command.
You barely miss the crimson imp.
You feel sick. The iguana completely misses you.
You closely miss the crimson imp.
The crimson imp blinks!
The iguana misses you.
You hear a shout! x2
You hit the crimson imp.
The crimson imp is poisoned.
The crimson imp is lightly wounded.
The crimson imp hits you.
* * * LOW HITPOINT WARNING * * *
You barely miss the crimson imp.
The crimson imp is lightly wounded.
The iguana misses you.
You closely miss the crimson imp.
The crimson imp is lightly wounded.
The crimson imp completely misses you.
You closely miss the crimson imp. The iguana bites you!
* * * LOW HITPOINT WARNING * * *
Joseph rages.
The crimson imp blinks!
You maul the crimson imp!!
You kill the crimson imp!
Your Evocations skill increases to level 2!
You feel sick.
You bite the orc!
You kill the orc!
The iguana completely misses you.
You kill the iguana!
Things that are here:
a flail; a scroll of blinking You bite the crimson imp!
The crimson imp is almost dead.
The crimson imp barely misses you.
You are too berserk!
Unknown command.
The crimson imp completely misses you.
You bite Joseph!
Joseph looks as sick as possible!
Joseph is lightly wounded.
Joseph completely misses you.
You are too berserk!
You bite Joseph!
Joseph looks as sick as possible!
Joseph is moderately wounded.
You feel sick.
Joseph hits you with a quarterstaff of holy wrath!
* * * LOW HITPOINT WARNING * * *
The crimson imp completely misses you.
You are too berserk!
You are too berserk!
You barely miss Joseph.
Joseph is moderately wounded.
Your transformation has ended.
Your +0 cloak unmelds from your body.
Your +1 hat unmelds from your body.
Your +1 pair of gloves unmelds from your body.
Your +2 leather armour of poison resistance unmelds from your body.
You feel resistant to poison. Joseph barely misses you.
The phantom blinks!
You are too berserk!
Unknown command.
You are too berserk!
You punch Joseph!
Joseph is moderately wounded.
The crimson imp hits you but does no damage.
Joseph hits you but does no damage.
You are too berserk!
You are too berserk!
Unknown command.
You punch Joseph!
Joseph is heavily wounded.
The crimson imp hits you.
You die...

### #.# #.########
#@.§§§W@@# #.######5# ###.#
#§# ..YW# #§#####
.@..######.....######
..a........#........#
##l.........#........#
'......>...#........#
##..........#........#######


You could see Joseph (berserk), a phantom and a crimson imp.

Vanquished Creatures
  A manticore (D:7)
  The ghost of Gagarin the Skirmisher, an amateur HOFi (D:4)
  The ghost of Nico3ck the Cudgeler, an amateur DsCK of Xom (D:5)
  A hippogriff (D:5)
  A yak (D:7)
  An orc warrior (D:6)
  An ice beast (D:5)
  2 phantoms
  2 bullfrogs (D:6)
  A wyvern zombie (D:7)
  4 scorpions (D:5)
  2 howler monkeys
  2 crimson imps
  A centaur zombie (D:7)
  A bullfrog zombie (D:7)
  2 hounds (D:4)
  Crazy Yiuf (D:5)
  4 iguanas
  2 orc wizards (D:5)
  10 worker ants
  A killer bee zombie (D:7)
  A hound zombie (D:5)
  A howler monkey skeleton (D:4)
  6 adders
  A shadow imp (D:7)
  An adder skeleton (D:6)
  A worm (D:2)
  2 dart slugs
  9 leopard geckos
  12 orcs
  6 bats
  6 giant cockroaches
  8 goblins
  10 hobgoblins
  3 jackals (D:5)
  6 kobolds
  A quokka (D:2)
  A ball python (D:4)
  2 frilled lizards
  A jackal skeleton (D:6)
  3 rats
123 creatures vanquished.

Vanquished Creatures (collateral kills)
  2 adders
  2 worms
  2 orcs
  A goblin (D:2)
  A kobold (D:1)
  2 bats (D:1)
10 creatures vanquished.

Grand Total: 133 creatures vanquished

Notes
Turn   | Place    | Note
-------+----------+-------------------------------------------
     0 | D:1      | tidbits the Demigod Transmuter began the quest for the Orb.
     0 | D:1      | Reached XP level 1. HP: 15/15 MP: 5/5
    18 | D:1      | Reached skill level 2 in Spellcasting
    67 | D:1      | Reached skill level 2 in Transmutations
   197 | D:1      | Reached XP level 2. HP: 6/22 MP: 5/7
   224 | D:1      | Learned a level 2 spell: Sticks to Snakes
   708 | D:2      | Reached skill level 3 in Transmutations
   708 | D:2      | Reached XP level 3. HP: 11/27 MP: 5/8
   772 | D:2      | Reached skill level 3 in Unarmed Combat
   816 | D:2      | Found a sacrificial altar of Ru.
   825 | D:2      | Learned a level 3 spell: Spider Form
   878 | D:2      | Noticed Robin
  1427 | D:2      | Reached XP level 4. HP: 34/34 MP: 5/9
  1651 | D:4      | Noticed Gagarin's ghost (amateur HOFi)
  1669 | D:4      | Killed Gagarin's ghost
  1669 | D:4      | Reached skill level 5 in Unarmed Combat
  1669 | D:4      | Reached XP level 5. HP: 39/39 MP: 10/10
  1708 | D:4      | Reached skill level 4 in Transmutations
  1708 | D:4      | Reached XP level 6. HP: 43/46 MP: 5/11
  1815 | D:3      | Found a burning altar of Makhleb.
  1815 | D:3      | Noticed a cacodemon
  1964 | D:5      | Entered Level 5 of the Dungeon
  2016 | D:5      | Reached skill level 1 in Fighting
  2038 | D:5      | Found a runed door.
  2045 | D:5      | Noticed Crazy Yiuf
  2051 | D:5      | Killed Crazy Yiuf
  2083 | D:6      | Reached skill level 2 in Dodging
  2096 | D:6      | Found a shadowy altar of Dithmenos.
  2120 | D:6      | Reached XP level 7. HP: 35/52 MP: 1/13
  2184 | D:5      | Noticed a hippogriff
  2194 | D:5      | Killed a hippogriff
  2194 | D:5      | Reached skill level 2 in Fighting
  2194 | D:5      | Reached skill level 6 in Unarmed Combat
  2216 | D:5      | Got a blackened trident
  2355 | D:4      | Identified the cursed +1 trident of Icvif {venom, rC+} (You found it on level 5 of the Dungeon)
  2407 | D:4      | Found a staircase to the Ecumenical Temple.
  2487 | D:4      | Reached skill level 3 in Dodging
  2512 | D:4      | Reached skill level 5 in Transmutations
  2567 | D:4      | Found a stormy altar of Qazlal.
  2571 | D:4      | Noticed an air elemental
  2571 | D:4      | Noticed a water elemental
  2571 | D:4      | Noticed a fire elemental
  2687 | D:5      | Noticed Nico3ck's ghost (amateur DsCK)
  2699 | D:5      | Reached XP level 8. HP: 62/62 MP: 11/14
  2701 | D:5      | Reached skill level 7 in Unarmed Combat
  2708 | D:5      | Killed Nico3ck's ghost
  2708 | D:5      | Reached skill level 3 in Fighting
  2765 | D:5      | Identified the Papyrus of Cold and Feathers
  2907 | D:5      | Learned a level 2 spell: Swiftness
  2951 | D:5      | Learned a level 3 spell: Ozocubu's Armour
  3252 | D:7      | Noticed a manticore
  3275 | D:7      | Killed a manticore
  3275 | D:7      | Reached skill level 1 in Charms
  3275 | D:7      | Reached skill level 1 in Ice Magic
  3275 | D:7      | Reached skill level 1 in Air Magic
  3275 | D:7      | Reached skill level 1 in Evocations
  3275 | D:7      | Reached XP level 9. HP: 19/71 MP: 6/16
  3472 | D:7      | Reached skill level 2 in Ice Magic
  3474 | D:7      | Noticed Joseph
  3485 | D:7      | Reached skill level 2 in Charms
  3485 | D:7      | Reached skill level 2 in Air Magic
  3506 | D:7      | Reached skill level 2 in Evocations
  3512 | D:7      | HP: 2/106 [Joseph/quarterstaff of holy wrath (15)]
  3515 | D:7      | Slain by a crimson imp

Vault maps used:
D:1:      tarquinn_simple_flora_water_b, grunt_decor_resistance,
          lemuel_old_faithful
D:2:      hangedman_ru_absence, serial_glass, glass_columns_a, glass_columns_a,
          uniq_robin
D:3:      makhleb_altar_promises_db
D:4:      minmay_temple_entry_statues_fountains, supply_closet_lemuel,
          nicolae_qazlal_style_of_elements
D:5:      first_bread, minmay_checkerbox, uniq_crazy_yiuf_cottage
D:6:      grunt_dithmenos_smoke_and_mirrors
D:7:      minmay_the_grid_octo_triangle, minmay_misc_feat_square,
          grunt_ogre_cave, uniq_joseph

Skill      XL: |  1  2  3  4  5  6  7  8  9 |
---------------+----------------------------+-----
Spellcasting   | 2 |  2.9
Transmutations | 2 3 4 5 |  5.5
Unarmed Combat | 3 5 6 7 |  7.8
Fighting       | 1 2 3 |  3.6
Dodging        | 2 3 |  3.8
Charms         | 1 2 |  2.3
Ice Magic      | 1 2 |  2.2
Air Magic      | 1 2 |  2.1
Evocations     | 1 2 |  2.0

Action                   |  1- 3 |  4- 6 |  7- 9 || total
-------------------------+-------+-------+-------++-------
Melee: Dagger            |    68 |       |       ||    68
       Unarmed           |    35 |    95 |   215 ||   345
       Kick              |     6 |     7 |       ||    13
       Headbutt          |    18 |       |       ||    18
 Cast: Beastly Appendage |    23 |     4 |       ||    27
       Sticks to Snakes  |     7 |     5 |     5 ||    17
       Spider Form       |     3 |     8 |    31 ||    42
 Abil: End Transformatio |       |     1 |     5 ||     6
  Use: Scroll            |     3 |     7 |     6 ||    16
       Potion            |     1 |     1 |     5 ||     7
 Stab: Sleeping          |     1 |       |     1 ||     2
       Distracted        |       |       |     1 ||     1
  Eat: Fruit             |     2 |       |       ||     2
       Chunk             |     1 |     5 |     9 ||    15
Armor: Robe              |    13 |       |       ||    13
       Leather armour    |    10 |     7 |     6 ||    23
       Skin              |     1 |    15 |    11 ||    27
Dodge: Dodged            |    70 |    86 |   175 ||   331

Table legend:
 A = Spawn XP
 B = Non-spawn XP
 C = Spawn XP percentage of total XP
 D = Spawn monster count
 E = Non-spawn monster count
 F = Spawn count percentage of total count
 G = Total turns spent on level
                    A         B        C        D         E        F      G
               +---------+---------+-------+---------+---------+-------+---------
         Total |       0 |    3938 |   0.0 |       0 |     133 |   0.0 |  3515
               +---------+---------+-------+---------+---------+-------+---------
           D:1 |       0 |      34 |   0.0 |       0 |      19 |   0.0 |   601
           D:2 |       0 |      76 |   0.0 |       0 |      23 |   0.0 |   676
           D:3 |       0 |      25 |   0.0 |       0 |      11 |   0.0 |   513
           D:4 |       0 |     744 |   0.0 |       0 |      15 |   0.0 |   516
           D:5 |       0 |    1509 |   0.0 |       0 |      32 |   0.0 |   645
           D:6 |       0 |     427 |   0.0 |       0 |      15 |   0.0 |   270
           D:7 |       0 |    1123 |   0.0 |       0 |      18 |   0.0 |   294
               +---------+---------+-------+---------+---------+-------+---------

Table legend:
 A = Turns spent in this place as a percentage of turns spent in the entire game.
 B = Non-inter-level travel turns spent in this place as a percentage of non-inter-level travel turns spent in the entire game.
 C = Inter-level travel turns spent in this place as a percentage of turns spent in this place.
 D = Turns resting spent in this place as a percentage of non-inter-level travel turns spent in this place.
 E = Turns spent auto-exploring this place as a percentage of non-inter-level travel turns spent in this place.
 F = Non-inter-level travel turns spent in this place divided by the number of levels of this place that you've seen.
                   A       B       C       D       E      F
               +-------+-------+-------+-------+-------+----------------------
         Total | 100.0 | 100.0 |   2.3 |   0.0 |   0.0 | 490.6
       Dungeon | 100.0 | 100.0 |   2.3 |   0.0 |   0.0 | 490.6
               +-------+-------+-------+-------+-------+----------------------

Table legend:
 A = Kills in this place as a percentage of kills in entire the game.
 B = Kills by you in this place as a percentage of kills by you in the entire game.
 C = Kills by friends in this place as a percentage of kills by friends in the entire game.
 D = Other kills in this place as a percentage of other kills in the entire game.
 E = Experience gained in this place as a percentage of experience gained in the entire game.
 F = Experience gained in this place divided by the number of levels of this place that you have seen.
                   A       B       C       D       E      F
               +-------+-------+-------+-------+-------+----------------------
         Total | 100.0 | 100.0 | 100.0 |   N/A | 100.0 | 562.6
       Dungeon | 100.0 | 100.0 | 100.0 |   N/A | 100.0 | 562.6
               +-------+-------+-------+-------+-------+----------------------

Vault maps used:
D:1:      tarquinn_simple_flora_water_b, grunt_decor_resistance,
          lemuel_old_faithful
D:2:      hangedman_ru_absence, serial_glass, glass_columns_a, glass_columns_a,
          uniq_robin
D:3:      makhleb_altar_promises_db
D:4:      minmay_temple_entry_statues_fountains, supply_closet_lemuel,
          nicolae_qazlal_style_of_elements
D:5:      first_bread, minmay_checkerbox, uniq_crazy_yiuf_cottage
D:6:      grunt_dithmenos_smoke_and_mirrors
D:7:      minmay_the_grid_octo_triangle, minmay_misc_feat_square,
          grunt_ogre_cave, uniq_joseph
